 Dungeon Crawl Stone Soup version 0.18-a0-1702-gd20c6a5 (webtiles) character file.

5647 wvc the Martial Artist (level 10, -2/86 HPs)
             Began as a Mottled Draconian Monk on Apr 7, 2016.
             Was a Follower of Ru.
             Slain by a cyan ugly thing (17 damage)
             ... on level 10 of the Dungeon.
             The game lasted 00:20:47 (9302 turns).

wvc the Martial Artist (Mottled Draconian Monk)     Turns: 9302, Time: 00:20:47

Health: -2/86      AC:  8    Str: 17      XL:     10   Next: 46%
Magic:  10/10      EV: 19    Int: 10      God:    Ru [*.....]
Gold:   424        SH:  0    Dex: 15 (17) Spells: 0 memorised, 9 levels left

rFire  + . .     SeeInvis .       - Unarmed
rCold  . . .     Gourm    .     (armour unavailable)
rNeg   . . .     Faith    .     (no shield)
rPois  .         Spirit   .     (helmet restricted)
rElec  .         Dismiss  .     A - +0 cloak
rCorr  .         Reflect  .     (no gloves)
SustAt .         Harm     .     (no boots)
MR     .....     Rnd*Rage +     (no amulet)
Stlth  ++........               s - +4 ring of evasion
                                g - +3 ring of strength

@: short of breath, not resistant to hostile enchantments, unstealthy
A: breathe sticky flame splash, unfitting armour, talons 1, berserk 1, blink,
deterioration 1, fire resistance 1, screaming 1, cold-blooded, no conjurations
magic, no hexes magic, no poison magic, AC +7
a: Breathe Sticky Flame, Blink, Renounce Religion


You were on level 10 of the Dungeon.
You worshipped Ru.
Ru was aware of your devotion.
You were not hungry.

You visited 1 branch of the dungeon, and saw 10 of its levels.

You collected 424 gold pieces.

Inventory:

Missiles
 v - a throwing net (quivered)
Armour
 A - a +0 cloak (worn)
Jewellery
 f - an uncursed ring of poison resistance
 g - a +3 ring of strength (left hand)
 s - a +4 ring of evasion (right hand)
 u - an uncursed ring of sustain attributes
 w - an uncursed ring of ice
 y - an uncursed ring of protection from fire
Wands
 b - a wand of confusion (48/48)
 k - a wand of flame (14/48)
 p - a wand of enslavement (11/24)
 C - a wand of lightning (8/15)
Scrolls
 d - 2 scrolls of enchant weapon
 e - 2 scrolls of fog
 i - 3 scrolls of teleportation
 l - 5 scrolls of remove curse
 q - 5 scrolls of identify
 B - a scroll of magic mapping
Potions
 c - a potion of invisibility
 h - a potion of might
 j - 2 potions of haste
 m - 2 potions of curing
 n - 2 potions of brilliance
 o - a potion of agility
Books
 r - a book of Annihilations

   Spells                             Type                      Level
   a - Poison Arrow                   Conjuration/Poison           6
   b - Chain Lightning                Conjuration/Air              8
   c - Lehudib's Crystal Spear        Conjuration/Earth            8
   d - Glaciate                       Conjuration/Ice              9
   e - Fire Storm                     Conjuration/Fire             9
 E - a book of Power

   Spells                             Type                      Level
   a - Fulminant Prism                Conjuration/Hexes            4
   b - Iskenderun's Mystic Blast      Conjuration                  4
   c - Venom Bolt                     Conjuration/Poison           5
   d - Bolt of Magma                  Conjuration/Fire/Earth       5
   e - Iron Shot                      Conjuration/Earth            6
   f - Orb of Destruction             Conjuration                  7
   g - Spellforged Servitor           Conjuration/Summoning        7
Comestibles
 a - 7 bread rations


   Skills:
 * Level 7.3 Fighting
 + Level 5.2 Dodging
 - Level 1.7 Stealth
 + Level 13.7 Unarmed Combat


You had 9 spell levels left.
You didn't know any spells.

Dungeon Overview and Level Annotations

Branches:
Dungeon (10/15)            Temple (0/1) D:4
   Lair: D:8-11         Orc: D:9-12

Altars:
Fedhas
Gozag
Nemelex Xobeh
Okawaru
Pakellas
Ru
Sif Muna
Vehumet
Zin


Innate Abilities, Weirdness & Mutations

You can spit globs of burning liquid.
You can ignite nearby creatures when you spit burning liquid.
Your weird mottled scales are hard (AC +7).
Your body does not fit into most forms of armour.
You are cold-blooded and may be slowed by cold attacks.
You cannot study or cast Conjurations magic.
You cannot study or cast Hexes magic.
You cannot study or cast Poison magic.
You have sharp toenails.
You tend to lose your temper in combat.
You can translocate small distances at will.
Your body sometimes deteriorates upon taking damage.
Your flesh is heat resistant.
You occasionally shout uncontrollably at your foes.


Message History

The cyan ugly thing burns!
You hit the cyan ugly thing but do no damage.
You tail-slap the cyan ugly thing, but do no damage.
The cyan ugly thing is heavily wounded.
The cyan ugly thing engulfs you! The cyan ugly thing shocks you!
* * * LOW HITPOINT WARNING * * *
You punch the cyan ugly thing!
You claw the cyan ugly thing, but do no damage.
The cyan ugly thing is severely wounded.
The cyan ugly thing burns!
The cyan ugly thing engulfs you.
* * * LOW HITPOINT WARNING * * *
The cyan ugly thing shocks you!
* * * LOW HITPOINT WARNING * * *
Your body deteriorates!
You feel clumsy.
Drink which item? (? for menu, Esc to quit)
You feel much better.
The cyan ugly thing burns!
The cyan ugly thing engulfs you!
* * * LOW HITPOINT WARNING * * *
The cyan ugly thing shocks you!
You die...

#. #.. #.# ####.#
# ..##.# . ...#.#
#. ###...#.######
#[##....##...@un#
(?....###.####.#
#)Z.##.Z.# #.#
#.u#....## #.#
#.(#.....# #.#
#..(.....###.#
#.....#.......#.#
##....#....#....#
##..###...##..##


You could see a cyan ugly thing (burning) and a necrophage.

Vanquished Creatures
  A centaur warrior (D:10)
  A troll (D:9)
  A two-headed ogre (D:9)
  Sigmund (D:2)
  A wyvern (D:9)
  4 yaks (D:9)
  A hungry ghost (D:7)
  A water moccasin (D:9)
  A black bear (D:7)
  An orc warrior (D:8)
  3 ice beasts
  A sky beast (D:6)
  A centaur (D:5)
  4 ogres
  3 giant frogs
  A wyvern zombie (D:9)
  10 killer bees
  4 wights (D:9)
  3 howler monkeys
  4 crimson imps
  A quasit (D:5)
  5 hounds
  A jelly (D:10)
  2 centaur zombies
  6 orc priests
  A giant frog skeleton (D:4)
  4 iguanas
  10 orc wizards
  7 worker ants
  A hound zombie (D:9)
  3 hound skeletons
  Robin (D:2)
  10 adders
  10 gnolls
  3 shadow imps
  An adder zombie (D:10)
  An adder skeleton (D:8)
  6 worms
  2 dart slugs (D:1)
  A giant gecko (D:4)
  41 orcs
  8 bats
  2 giant cockroaches
  9 goblins
  9 hobgoblins
  12 jackals
  4 quokkas
  2 ball pythons
  A giant gecko skeleton (D:6)
  5 giant newts
  6 kobolds
  7 rats
229 creatures vanquished.

Vanquished Creatures (others)
  A hound (D:4)
1 creature vanquished.

Grand Total: 230 creatures vanquished

Notes
Turn   | Place    | Note
--------------------------------------------------------------
     0 | D:1      | wvc the Draconian Monk began the quest for the Orb.
     0 | D:1      | Reached XP level 1. HP: 19/19 MP: 1/1
   174 | D:1      | Reached XP level 2. HP: 11/26 MP: 2/2
  1080 | D:2      | Reached skill level 5 in Unarmed Combat
  1082 | D:2      | Reached XP level 3. HP: 29/31 MP: 3/3
  1084 | D:2      | Noticed Robin
  1099 | D:2      | Killed Robin
  1596 | D:2      | Found a sacrificial altar of Ru.
  1596 | D:2      | Found a radiant altar of Vehumet.
  1720 | D:2      | namelastname112: давай к рю
  1724 | D:2      | wvc: он ж для стабберов больше?
  1879 | D:2      | Reached XP level 4. HP: 38/38 MP: 4/4
  1883 | D:2      | Noticed Sigmund
  1886 | D:2      | namelastname112: лол
  1886 | D:2      | namelastname112: кто тебе такое сказал
  1929 | D:2      | Killed Sigmund
  1929 | D:2      | Reached skill level 7 in Unarmed Combat
  1929 | D:2      | Reached XP level 5. HP: 13/45 MP: 5/5
  1957 | D:2      | wvc: ну там аура конфуза жи
  1957 | D:2      | wvc: для штабберов
  2281 | D:2      | Became a worshipper of Ru the Awakened
  2455 | D:3      | Found an opulent altar of Gozag.
  2468 | D:3      | Found a deep blue altar of Sif Muna.
  2847 | D:3      | Reached XP level 6. HP: 38/51 MP: 6/6
  2954 | D:3      | Found a glowing silver altar of Zin.
  3296 | D:4      | Found a staircase to the Ecumenical Temple.
  3364 | D:4      | Reached skill level 8 in Unarmed Combat
  3664 | D:4      | namelastname112: он всем заебись
  3766 | D:4      | Your scales start taking on a weird mottled colour.
  3766 | D:4      | Reached XP level 7. HP: 48/57 MP: 7/7
  3767 | D:4      | namelastname112: лол
  3767 | D:4      | namelastname112: я был прав
  3771 | D:4      | namelastname112: худший цвет
  3771 | D:4      | wvc: но он же нормас
  3807 | D:4      | Found a blossoming altar of Fedhas.
  3872 | D:4      | Reached skill level 9 in Unarmed Combat
  3973 | D:5      | Entered Level 5 of the Dungeon
  4646 | D:5      | Reached skill level 10 in Unarmed Combat
  4675 | D:5      | Reached XP level 8. HP: 63/63 MP: 8/8
  4838 | D:5      | Gained mutation: You cannot study or cast Poison magic. [Ru sacrifice]
  4838 | D:5      | Gained mutation: You cannot study or cast Hexes magic. [Ru sacrifice]
  4838 | D:5      | Gained mutation: You cannot study or cast Conjurations magic. [Ru sacrifice]
  4838 | D:5      | Reached * piety under Ru
  4860 | D:5      | Found an iron altar of Okawaru.
  4860 | D:5      | Found an oddly glowing altar of Pakellas.
  5340 | D:6      | Reached skill level 11 in Unarmed Combat
  5460 | D:6      | Gained mutation: You are dopey. (Int -2) [mutagenic meat]
  5461 | D:6      | Gained mutation: You can translocate small distances at will. [mutagenic meat]
  5462 | D:6      | Gained mutation: You tend to lose your temper in combat. [mutagenic meat]
  5463 | D:6      | Gained mutation: You occasionally shout uncontrollably at your foes. [mutagenic meat]
  5464 | D:6      | Lost mutation: You are dopey. (Int -2) [mutagenic meat]
  5465 | D:6      | Gained mutation: Your body sometimes deteriorates upon taking damage. [mutagenic meat]
  5467 | D:6      | Gained mutation: Your flesh is heat resistant. [potion of mutation]
  5467 | D:6      | Gained mutation: You have sharp toenails. [potion of mutation]
  5983 | D:7      | Reached skill level 12 in Unarmed Combat
  5991 | D:7      | Reached XP level 9. HP: 32/70 MP: 9/9
  6261 | D:7      | namelastname112: говно
  6275 | D:7      | namelastname112: говно резист
  6281 | D:7      | namelastname112: говно дыхание
  6288 | D:7      | namelastname112: говно апта
  6291 | D:7      | namelastname112: вывод
  6291 | D:7      | namelastname112: говно
  6291 | D:7      | wvc: у серых вообще дыхания нет
  7423 | D:8      | Reached skill level 13 in Unarmed Combat
  7685 | D:9      | Reached skill level 5 in Fighting
  7731 | D:9      | Noticed a troll
  7888 | D:9      | Killed a troll
  7888 | D:9      | Reached XP level 10. HP: 61/83 MP: 10/10
  8910 | D:9      | Found a sparkling altar of Nemelex Xobeh.
  8964 | D:10     | Entered Level 10 of the Dungeon
  8984 | D:10     | Noticed a centaur warrior
  8988 | D:10     | Noticed a cyan ugly thing
  8988 | D:10     | Noticed a hill giant
  8992 | D:10     | Killed a centaur warrior
  8992 | D:10     | Reached skill level 5 in Dodging
  9301 | D:10     | HP: 2/86 [cyan ugly thing (15)]
  9302 | D:10     | Slain by a cyan ugly thing

Vault maps used:
D:1:      tarquinn_simple_flora_water_d
D:2:      amethyst_overflow_temple_binary, first_bread, minmay_distorted,
          uniq_robin, uniq_sigmund
D:3:      overflow_temple_1_default, lemuel_coloured_pillars_altar,
          lemuel_crystal_altar
D:4:      lemuel_round_altar, lemuel_temple_firewalk_marked, minivault_14
D:5:      gammafunk_temple_overflow_wave, nrook_mini_backslash
D:9:      nicolae_overflow_hidden_temple
D:10:     minmay_curly_fans, minmay_lair_entry_grove,
          hangedman_little_slice_of_home

Skill      XL: |  1  2  3  4  5  6  7  8  9 10 |
---------------+-------------------------------+-----
Unarmed Combat | 5 7 8 10 12 13 | 13.7
Dodging        | 4 5 |  5.2
Fighting       | 6 7 |  7.3
Stealth        | |  1.7

Action                   |  1- 3 |  4- 6 |  7- 9 | 10-12 || total
-------------------------+-------+-------+-------+-------++-------
Melee: Unarmed           |   122 |   119 |   411 |   104 ||   756
Invok: Reject Sacrifices |       |     1 |     1 |       ||     2
       Sacrifice Arcana  |       |       |     1 |       ||     1
 Abil: Breathe Sticky Fl |       |       |    15 |     1 ||    16
  Use: Scroll            |       |    11 |     6 |     2 ||    19
       Potion            |       |     4 |     2 |     1 ||     7
 Stab: Sleeping          |     7 |     3 |     8 |     2 ||    20
       Distracted        |       |       |     2 |     1 ||     3
  Eat: Chunk             |     3 |     3 |    15 |     3 ||    24
       Pizza             |       |     1 |     1 |       ||     2
       Beef jerky        |       |     1 |       |       ||     1
       Meat ration       |       |       |     1 |     1 ||     2
       Fruit             |       |       |     4 |       ||     4
